cohdb
Replays
Latest Replays
All Replays
Popular Replays
Top Player Replays
Match Explorer
How It Works
Community
CoH3 Stats
Reddit
Sign in to upload your games and track your stats! →
Sign in with Steam
Match 37412904
Unlisted
Match 37412904
Overview
Messages
Build Orders
End
Kradschützen Motorcycle Team
Selects Armored Support Battlegroup
Panzergrenadier Squad
Panzergrenadier Squad
250 Light Carrier
Construct Light Support Kompanie
Combat Half-tracks
Selects Salvage Kits
Fire Support Elements
2.5-tonne Medical Truck
Assault Mechanized Group
Construct Mechanized Kompanie
Construct Panzerarmee Kommand
Selects Veteran Gunners
250 Light Carrier
Panzer III L Medium Tank
Emergency Repair Kits
Selects Panzer Storm
Panzer III L Medium Tank
Tungsten Core Ammunition
Selects Stuka Anti-tank Loiter
Vehicle Survival Package
Insanegame
「𝓞𝓓𝓢𝓣」剑钟仙
kenleung
ö
dfgdffdf
AR.193
CosmicSpire
wing
0
0
Comments
sign in to comment!
No comments posted yet!